AoeStats
← TheKingOfFire

Arabian Desert

509511197Analyzed
1v1 RM · 5d ago on Sep 27, 2026· 71m 45s· 2 players
Game mode
Random Map
Map size
Tiny (2 player)
Population
200
Speed
Normal
Resources
Standard
Victory
Conquest
Starting age
Dark Age
Ending age
Imperial Age
RankedLock teamsTeams togetherTeam positionsShared explorationLock speedFull tech treeHidden civsTurbo modeCheats
Victory
Defeat
🇨🇱 Khmer · Chile
264
+25
🇪🇸 Byzantines · Spain
500
-25
TheKingOfFire
12:58 Feudal Age
14:34 Town Watch
15:27 Wheelbarrow
16:31 Horse Collar
18:32 Gold Mining
23:28 Stone Mining
25:49 Castle Age
27:01 Crossbowman
28:55 Padded Archer Armor
29:08 Forging
29:45 Heated Shot
30:17 Ballistics
30:18 Leather Archer Armor
30:08 Town Patrol
32:40 Double-Bit Axe
32:58 Heavy Plow
36:35 Bloodlines
35:46 Light Cavalry
38:02 Murder Holes
42:32 Imperial Age
40:22 Hand Cart
41:11 Husbandry
42:12 Gold Shaft Mining
44:21 Chemistry
43:14 Guard Tower
43:37 Masonry
45:32 Hussar
47:06 Arbalester
48:38 Fletching
51:57 Onager
56:40 Crop Rotation
56:48 Stone Shaft Mining
57:51 Fervor
58:32 Theocracy
63:16 Conscription
roberthg8757
0:30 Loom
11:11 Feudal Age
13:36 Wheelbarrow
15:09 Double-Bit Axe
15:06 Horse Collar
15:20 Gold Mining
15:20 Stone Mining
15:45 Stone Mining
21:56 Castle Age
19:47 Man-at-Arms
23:07 Heavy Plow
23:00 Fletching
23:25 Bow Saw
25:22 Hand Cart
30:40 Pikeman
31:23 Husbandry
32:03 Forging
33:38 Murder Holes
34:53 Gold Shaft Mining
35:10 Stone Shaft Mining
37:04 Iron Casting
36:01 Light Cavalry
39:23 Imperial Age
37:02 Squires
36:23 Long Swordsman
37:08 Scale Mail Armor
41:01 Bodkin Arrow
40:31 Hussar
40:35 Two-Handed Swordsman
42:08 Hoardings
42:55 Two-Man Saw
43:19 Heavy Camel Rider
44:53 Elite Cataphract
47:32 Bracer
46:59 Champion
47:01 Halberdier
49:57 Chemistry
51:41 Chain Mail Armor
56:24 Scale Barding Armor
56:50 Plate Mail Armor
56:21 Padded Archer Armor
58:01 Chain Barding Armor
59:04 Onager
61:14 Crossbowman
61:26 Elite Skirmisher
67:59 Crop Rotation
Connection lost

Rejoining the realm…

Still unreachable

The connection could not be restored.

Session expired

The server has moved on; the page needs a fresh start.